 Dungeon Crawl Stone Soup version 0.27-a0-396-g03f4e8edb7 (webtiles) character file.

Game seed: 12198959177618174257

58 Froggeryz the Sneak (level 3, -3/16 HPs)
             Began as a Spriggan Enchanter on Feb 21, 2021.
             Slain by an orc
             ... wielding a +0 short sword
              (4 damage)
             ... on level 1 of the Dungeon.
             The game lasted 00:02:50 (2393 turns).

Froggeryz the Sneak (Spriggan Enchanter)            Turns: 2393, Time: 00:02:51

Health: -3/16      AC:  2    Str:  5    XL:     3   Next: 75%
Magic:  6/8        EV: 17    Int: 16    God:
Gold:   71         SH:  0    Dex: 15    Spells: 3/7 levels left

rFire    . . .     SeeInvis +   a - +1 dagger
rCold    . . .     Faith    .   (shield restricted)
rNeg     . . .     Spirit   .   b - +0 robe
rPois    .         Reflect  .   (helmet restricted)
rElec    .         Harm     .   (no cloak)
rCorr    .         Rampage  .   (gloves unavailable)
Will     .....                  (boots unavailable)
Stlth    +++.......             h - amulet of magic regeneration
HPRegen  0.05/turn              (no ring)
MPRegen  0.36/turn              (no ring)

@: very quick
A: very small, unfitting armour, see invisible, speed 3
a: no special abilities


You were on level 1 of the Dungeon.
You visited 1 branch of the dungeon, and saw 2 of its levels.

You collected 71 gold pieces.

Inventory:

Hand Weapons
 a - a +1 dagger (weapon)
Armour
 b - a +0 robe (worn)
Jewellery
 h - an amulet of magic regeneration (around neck)
Scrolls
 d - a scroll of teleportation {unknown}
 e - a scroll of enchant armour {unknown}
 f - a scroll of enchant weapon {unknown}
 i - a scroll of immolation {unknown}
Potions
 c - a potion of ambrosia {unknown}
 g - a potion of lignification {unknown}


   Skills:
 * Level 2.7 Short Blades
 - Level 2.6 Dodging
 + Level 5.1 Stealth
 - Level 2.6 Spellcasting
 * Level 4.5 Hexes


You had 3 spell levels left.
You knew the following spells:

 Your Spells              Type           Power        Failure   Level
a - Corona                Hex            17%          3%          1
b - Confusing Touch       Hex            16%          9%          3

Your spell library contained the following spells:

 Spells                   Type           Power        Failure   Level
 Tukima's Dance           Hex            16%          9%          3
 Ensorcelled Hibernation  Hex/Ice        18%          12%         2
 Dazzling Flash           Conj/Hex       18%          22%         3


Dungeon Overview and Level Annotations

Branches:
Dungeon (2/15)

Altars:


Innate Abilities, Weirdness & Mutations

You are very small and have problems with some larger weapons.
You are too small for most types of armour.
You have supernaturally acute eyesight. (SInv)
You cover ground extremely quickly.


Message History

You hit the orc.
The orc is severely wounded.
You hit the orc.
The orc is almost dead.
The orc closely misses you.
You hit the orc but do no damage.
The orc is almost dead.
The orc completely misses you.
You hit the orc.
You kill the orc!
You hit the hobgoblin.
The hobgoblin is heavily wounded.
The hobgoblin hits you with a +0 club. The orc barely misses you.
Your magical contamination has completely faded away.
The orc closely misses you.
There is a stone staircase leading up here.
The orc hits you with a +0 short sword.
You climb upwards.
There is a stone staircase leading down here.
Casting: Confusing Touch (extremely dangerous; 9% risk of failure)
Confirm with . or Enter, or press ? or * to list all spells.
Aiming: Corona (safe; 3% risk of failure)
Press: ? - help, Shift-Dir - straight line, f - orc
Aim: an orc, wielding a +0 short sword and wearing a +0 ring mail (chance to affect: 71%)
The orc barely resists.
The orc misses you.
Casting: Corona (safe; 3% risk of failure)
Confirm with . or Enter, or press ? or * to list all spells.
The spell is extremely dangerous to cast (9% risk of failure)!
Continue anyway?
Okay, then.
Casting: Confusing Touch (extremely dangerous; 9% risk of failure)
Confirm with . or Enter, or press ? or * to list all spells.
The spell is extremely dangerous to cast (9% risk of failure)!
Continue anyway?
Your hands begin to glow red.
The orc barely misses you.
You hit the orc but do no damage.
The orc appears confused.
The orc completely misses you.
You hit the orc but do no damage. You hit the orc but do no damage.
The orc hits you with a +0 short sword.
* * * LOW HITPOINT WARNING * * *
You hit the orc but do no damage. The orc hits you with a +0 short sword.
You die...

#.# #####################.#
#......##.............#
#.####.##.###########.# #.#
#.##.# #.# #.# #.##.# #.#
#.# #.##.# ########.# #.#
#.##.####........#### #.#
#..>@o............... #.#
###.#####.###########
##.####....# #.# ##
#....##.#..# #.# #.
#....##.#..####.##########.
#....##.............[......
#....#####.####.##########.
#....# #......# #. #....#
#####..# #.


You could see an orc (confused).

Vanquished Creatures
  An adder (D:2)
  An ooze (D:1)
  A dart slug (D:1)
  2 leopard geckos (D:1)
  An orc (D:2)
  A ball python (D:1)
  3 giant cockroaches
  3 goblins
  6 hobgoblins
  2 kobolds (D:1)
  A quokka (D:2)
  9 bats
  3 frilled lizards (D:1)
  4 rats
38 creatures vanquished.

Notes
Turn   | Place    | Note
-------+----------+-------------------------------------------
     0 | D:1      | Froggeryz the Spriggan Enchanter began the quest for the
                  | Orb.
     0 | D:1      | Reached XP level 1. HP: 9/9 MP: 5/5
   431 | D:1      | Reached XP level 2. HP: 13/13 MP: 6/6
  1328 | D:1      | Reached XP level 3. HP: 6/16 MP: 6/8
  2079 | D:2      | Reached skill level 5 in Stealth
  2216 | D:1      | Learned a level 3 spell: Confusing Touch
  2393 | D:1      | Slain by an orc

Illustrated notes

Levels and vault maps discovered:
D:1:      matt_arrival_grand_opening, layout_basic
D:2:      layout_rooms

Skill      XL: |  1  2  3 |
---------------+----------+-----
Hexes          | 4 |  4.5
Short Blades   | 2 |  2.7
Stealth        | 5 |  5.1
Dodging        | |  2.6
Spellcasting   | |  2.6

Action                   || total
-------------------------++-------
Melee: Dagger            ||   181
 Cast: Corona            ||    11
       Confusing Touch   ||     1
 Stab: Sleeping          ||     7
Armor: Robe              ||    21
Dodge: Dodged            ||   153

Table legend: (Time is in decaauts)
 A = Elapsed time spent in this place.
 B = Non-inter-level travel time spent in this place.
 C = Inter-level travel time spent in this place.
 D = Time resting spent in this place.
 E = Time spent auto-exploring this place.
 F = Levels seen in this place.
 G = Mean time per level.
                   A        B        C        D        E       F      G
               +--------+--------+--------+--------+--------+-----+--------+
         Total |   1965 |   1961 |      4 |    821 |    835 |   2 |  982.5 |
       Dungeon |   1965 |   1961 |      4 |    821 |    835 |   2 |  982.5 |
               +--------+--------+--------+--------+--------+-----+--------+

Top non-repeatable levels by time:
     D:1: 1812 daAuts
     D:2: 153 daAuts
